Map: Battle on the Boardwalk LE

Players

Wizard - Winner!

  • Race: Protoss Protoss
  • League: Platinum
  • Spawn Location: 1:00

A.I. 1 (Elite)

  • Race: Protoss Protoss
  • Spawn Location: 11:00

VOD

Have the link to the VOD?

Description

Just a build order test vs A.I.

Time

  • Played on: Dec. 7, 2017, 5:39 p.m.
  • Length: 7:56
Show
View Real Time Build Order
Export as new Build Order

Wizard Protoss - Winner!

Build Orders:  

Get SALT Encoding   

  6  0:00  Probe  
  13  0:12  Probe  
  14  0:16  Pylon  
  14  0:24  Probe  
  15  0:35  Gateway  
  15  0:38  Probe (Chrono Boost)  
  16  0:47  Assimilator  
  16  0:48  Probe (Chrono Boost)  
  17  0:52  Probe  
  18  1:04  Probe  
  18  1:07  Gateway  
  19  1:16  Probe  
  20  1:21  Cybernetics Core  
  20  1:22  Pylon  
  20  1:28  Probe  
  21  1:40  Probe  
  22  1:52  Probe  
  27  2:04  Adept (Chrono Boost), Probe  
  27  2:06  Adept (Chrono Boost)  
  28  2:11  Nexus  
  28  2:15  Pylon  
  28  2:18  Probe  
  29  2:24  Adept  
  31  2:30  Assimilator  
  31  2:33  Probe  
  32  2:37  Adept  
  32  2:43  Pylon  
  34  2:45  Probe  
  34  2:49  Warp Gate  
  35  2:56  Adept  
  35  2:58  Probe  
  38  3:04  Adept  
  40  3:10  Probe  
  41  3:16  Forge  
  41  3:22  Probe  
  41  3:24  Probe, Sentry  
  45  3:31  Stalker  
  47  3:34  Probe  
  47  3:37  Probe  
  49  3:46  Probe  
  50  3:49  Probe, Photon Cannon  
  51  3:55  Photon Cannon  
  51  3:58  Probe  
  51  4:01  Probe  
  53  4:04  Stalker  
  53  4:08  Stalker  
  57  4:10  Probe  
  57  4:13  Probe  
  57  4:16  Protoss Ground Weapons Level 1 (Chrono Boost)  
  59  4:22  Probe, Pylon  
  60  4:25  Probe  
  60  4:30  Twilight Council  
  61  4:34  Probe  
  62  4:39  Gateway  
  62  4:40  Probe  
  63  4:46  Probe  
  63  4:50  Stalker x2  
  63  4:51  Pylon  
  68  4:54  Assimilator  
  68  4:55  Probe  
  68  4:58  Assimilator  
  70  5:00  Probe  
  70  5:09  Probe  
  70  5:11  Blink  
  70  5:12  Probe  
  72  5:15  Pylon  
  72  5:22  Stalker  
  72  5:23  Adept  
  72  5:24  Probe  
  77  5:30  Gateway  
  77  5:31  Gateway  
  77  5:38  Gateway  
  77  5:42  Stalker  
  79  5:44  Pylon, Sentry  
  81  5:50  Protoss Ground Weapons Level 2 (Chrono Boost)  
  81  5:54  Stalker  
  83  6:05  Stalker  
  83  6:07  Stalker  
  87  6:17  Pylon, Stalker  
  89  6:24  Stalker  
  91  6:27  Stalker  
  93  6:35  Stalker x3  
  93  6:36  Pylon  
  93  6:39  Pylon  
  99  6:40  Stalker  
  99  6:45  Pylon  
  101  6:49  Pylon  
  101  6:54  Stalker x2  
  103  6:59  Stalker x2  
  109  7:03  Stalker  
  109  7:07  Stalker  
  113  7:20  Stalker x2  
  113  7:25  Stalker x2  
  109  7:37  Stalker x2  
  113  7:45  Stalker x2  
  113  7:48  Stalker  
  113  7:49  Stalker  
Show
View Real Time Build Order
Export as new Build Order

A.I. 1 (Elite) Protoss 

Build Orders: Blink Stalkers, Zealot Archon 

Get SALT Encoding   

  6  0:00  Probe  
  13  0:13  Probe  
  14  0:19  Pylon  
  14  0:25  Probe  
  15  0:37  Probe  
  15  0:39  Gateway  
  16  0:47  Assimilator  
  16  0:49  Probe  
  17  1:01  Probe  
  17  1:02  Pylon  
  18  1:13  Probe  
  19  1:25  Probe  
  19  1:30  Cybernetics Core  
  19  1:31  Zealot  
  22  1:38  Probe, Assimilator  
  23  1:50  Probe  
  24  2:02  Probe  
  24  2:06  Stalker  
  27  2:09  Warp Gate  
  27  2:11  Pylon  
  27  2:14  Probe  
  28  2:22  Twilight Council  
  28  2:26  Probe  
  29  2:34  Gateway  
  29  2:38  Probe  
  29  2:43  Stalker  
  32  2:50  Probe  
  33  2:59  Blink  
  33  3:07  Gateway  
  33  3:13  Stalker  
  33  3:19  Pylon  
  35  3:24  Stalker  
  37  3:27  Probe  
  38  3:39  Probe  
  39  3:43  Stalker  
  41  3:53  Stalker  
  41  3:54  Stalker  
  45  4:01  Pylon  
  45  4:12  Pylon  
  45  4:20  Stalker  
  47  4:31  Adept  
  49  4:32  Zealot  
  49  4:37  Gateway  
  51  4:43  Adept  
  53  4:51  Adept  
  53  4:52  Adept  
  57  5:03  Adept  
  59  5:11  Adept  
  59  5:12  Adept  
  59  5:13  Pylon  
  63  5:31  Adept x3  
  63  5:32  Zealot  
  71  5:42  Pylon  
  71  5:46  Templar Archives  
  71  6:02  Pylon  
  71  6:24  High Templar x2  
  71  6:25  Nexus  
  75  6:27  Sentry  
  75  6:31  Archon  
  77  6:37  Pylon  
  77  6:55  High Templar  
  79  7:18  Zealot  
  63  7:23  High Templar  
  63  7:25  Zealot  
  63  7:27  Zealot  
  34  7:38  Probe, Zealot  
  27  7:45  Adept  
Tags
 
Add a new tag
Caveats
  • Supply blocks, unpowered buildings, or Contaminate may cause inaccurate times.
  • Supply counts are checked every 10 seconds.